| TOP OF THE 1ST |
|
Louisville Stallions batting - Pitching for Syracuse Chiefs : RHP Ernie McAnally
|
|
Pitching: RHP Ernie McAnally
|
|
|
Batting: LHB Mauricio Gracia
|
0-0: Called Strike 0-1: SINGLE (Groundball, 34D, EV 88.1 MPH) (infield hit)
|
|
Batting: SHB Gerald DeSimone
|
0-0: Ball Mauricio Gracia steals 2nd base 1-0: Ball 2-0: Ball 3-0: Called Strike 3-1: Foul Ball, location: 2F 3-2: Foul Ball, location: 2F 3-2: Fly out, F7 (Flyball, 7, EV 89.4 MPH)
|
|
Batting: LHB Claudell Washington
|
0-0: Ball Mauricio Gracia steals 3rd base 1-0: Swinging Strike 1-1: Called Strike 1-2: Ground out 1-3 (Groundball, 34S, EV 63.1 MPH)
|
|
Batting: SHB Orestes Destrade
|
0-0: Foul Ball, location: 2F 0-1: Swinging Strike 0-2: Strikes out looking
|
| Top of the 1st over - 0 runs, 1 hit, 0 errors, 1 left on base; Louisville 0 - Syracuse 0 |
| BOTTOM OF THE 1ST |
|
Syracuse Chiefs batting - Pitching for Louisville Stallions : RHP Al Gallegos
|
|
Pitching: RHP Al Gallegos
|
|
|
Batting: LHB Darryl Strawberry
|
0-0: Called Strike 0-1: Fly out, F6 (Popup, P, EV 86.9 MPH)
|
|
Batting: RHB Phil Garner
|
0-0: Called Strike 0-1: Ball 1-1: Called Strike 1-2: Ground out 4-3 (Groundball, 4, EV 101.9 MPH)
|
|
Batting: RHB Dave Meier
|
0-0: Foul Ball, location: 2F 0-1: Swinging Strike 0-2: Ball 1-2: Strikes out swinging
|
| Bottom of the 1st over - 0 runs, 0 hits, 0 errors, 0 left on base; Louisville 0 - Syracuse 0 |
| TOP OF THE 2ND |
|
Louisville Stallions batting - Pitching for Syracuse Chiefs : RHP Ernie McAnally
|
|
Batting: RHB Devin Pike
|
0-0: SINGLE (Line Drive, 8RM, EV 89.4 MPH)
|
|
Batting: LHB Ted May
|
0-0: Ball 1-0: Ball 2-0: Called Strike 2-1: Foul Ball, location: 2F 2-2: Strikes out looking
|
|
Batting: RHB Kelly Heath
|
0-0: Called Strike 0-1: Foul Ball, location: 2F 0-2: Fly out, F9 (Line Drive, 9, EV 110.0 MPH)
|
|
Batting: LHB Joe Lefebvre
|
0-0: Called Strike 0-1: Hit by Pitch Devin Pike to second
|
|
Batting: LHB John Tucker
|
0-0: Ball 1-0: Called Strike 1-1: Fly out, F9 (Flyball, 9, EV 86.3 MPH)
|
| Top of the 2nd over - 0 runs, 1 hit, 0 errors, 2 left on base; Louisville 0 - Syracuse 0 |
| BOTTOM OF THE 2ND |
|
Syracuse Chiefs batting - Pitching for Louisville Stallions : RHP Al Gallegos
|
|
Batting: LHB Wayne Gross
|
0-0: Ball 1-0: Called Strike 1-1: Ball 2-1: Foul Ball, location: 2F 2-2: Strikes out swinging
|
|
Batting: RHB Jim G Wilson
|
0-0: Ball 1-0: Called Strike 1-1: Ball 2-1: Ball 3-1: Foul Ball, location: 2F 3-2: Ground out 6-3 (Groundball, 6, EV 87.5 MPH)
|
|
Batting: LHB Paul O'Neill
|
0-0: SINGLE (Groundball, 6M, EV 96.3 MPH) (infield hit)
|
|
Batting: RHB Bobby Grich
|
0-0: Foul Ball, location: 2F 0-1: Ball 1-1: Ball 2-1: Foul Ball, location: 2F 2-2: Ball 3-2: Fly out, F9 (Flyball, 9D, EV 95.6 MPH)
|
| Bottom of the 2nd over - 0 runs, 1 hit, 0 errors, 1 left on base; Louisville 0 - Syracuse 0 |
| TOP OF THE 3RD |
|
Louisville Stallions batting - Pitching for Syracuse Chiefs : RHP Ernie McAnally
|
|
Batting: LHB Mauricio Gracia
|
0-0: Ball 1-0: Foul Ball, location: 2F 1-1: SINGLE (Groundball, 4D, EV 93.8 MPH)
|
|
Batting: SHB Gerald DeSimone
|
0-0: Foul Ball, location: 2F 0-1: Called Strike 0-2: Ball 1-2: Foul Ball, location: 2F 1-2: Ball 2-2: Ball 3-2: 2-RUN HOME RUN (Line Drive, 9LD, EV 104.4 MPH), Distance : 362 ft
|
|
Batting: LHB Claudell Washington
|
0-0: Ball 1-0: Ball 2-0: SINGLE (Groundball, 34D, EV 95.6 MPH)
|
|
Batting: SHB Orestes Destrade
|
0-0: Called Strike 0-1: Ball 1-1: Called Strike Claudell Washington steals 2nd base (no throw) 1-2: Foul Ball, location: 2F 1-2: Foul Ball, location: 2F 1-2: Ball 2-2: Fly out, F3 (Line Drive, 3, EV 70.0 MPH)
|
|
Batting: RHB Devin Pike
|
0-0: Foul Ball, location: 2F 0-1: Foul Ball, location: 2F 0-2: Ball 1-2: Strikes out looking
|
|
Batting: LHB Ted May
|
0-0: Ball 1-0: Swinging Strike 1-1: SINGLE (Groundball, 6MS, EV 72.5 MPH) (infield hit) Claudell Washington to third
|
|
Batting: RHB Kelly Heath
|
0-0: Foul Ball, location: 2F 0-1: Foul Ball, location: 2F 0-2: Fly out, F4 (Flyball, 4D, EV 86.3 MPH)
|
| Top of the 3rd over - 2 runs, 4 hits, 0 errors, 2 left on base; Louisville 2 - Syracuse 0 |
| BOTTOM OF THE 3RD |
|
Syracuse Chiefs batting - Pitching for Louisville Stallions : RHP Al Gallegos
|
|
Batting: LHB Danny Goodwin
|
0-0: Foul Ball, location: 2F 0-1: Ground out 4-3 (Groundball, 4M, EV 83.8 MPH)
|
|
Batting: LHB Jon Jimenez
|
0-0: Called Strike 0-1: Ball 1-1: Ball 2-1: Ball 3-1: Base on Balls
|
|
Batting: LHB Darryl Strawberry
|
0-0: Ball 1-0: Foul Ball, location: 2F 1-1: Ball 2-1: Foul Ball, location: 2F 2-2: Strikes out swinging
|
|
Batting: RHB Phil Garner
|
0-0: Ball 1-0: Ball 2-0: Called Strike 2-1: Called Strike 2-2: Ball 3-2: Strikes out swinging
|
| Bottom of the 3rd over - 0 runs, 0 hits, 0 errors, 1 left on base; Louisville 2 - Syracuse 0 |
| TOP OF THE 4TH |
|
Louisville Stallions batting - Pitching for Syracuse Chiefs : RHP Ernie McAnally
|
|
Batting: LHB Joe Lefebvre
|
0-0: Called Strike 0-1: Ball 1-1: Ground out 4-3 (Groundball, 4S, EV 60.6 MPH)
|
|
Batting: LHB John Tucker
|
0-0: Ball 1-0: Ball 2-0: Ball 3-0: Called Strike 3-1: SINGLE (Groundball, 56, EV 98.1 MPH)
|
|
Batting: LHB Mauricio Gracia
|
0-0: Fly out, F7 (Flyball, 7LD, EV 90.0 MPH)
|
|
Batting: SHB Gerald DeSimone
|
0-0: Ball John Tucker is caught stealing 2nd base 2-6
|
| Top of the 4th over - 0 runs, 1 hit, 0 errors, 0 left on base; Louisville 2 - Syracuse 0 |
| BOTTOM OF THE 4TH |
|
Syracuse Chiefs batting - Pitching for Louisville Stallions : RHP Al Gallegos
|
|
Batting: RHB Dave Meier
|
0-0: SINGLE (Groundball, 4MD, EV 110.0 MPH)
|
|
Batting: LHB Wayne Gross
|
0-0: Ground out 6-3 (Groundball, 6M, EV 104.4 MPH) Dave Meier to second
|
|
Batting: RHB Jim G Wilson
|
0-0: Ball 1-0: DOUBLE (Line Drive, 5D, EV 98.1 MPH) Dave Meier scores
|
|
Batting: LHB Paul O'Neill
|
0-0: SINGLE (Line Drive, 6MD, EV 102.5 MPH) Jim G Wilson to third Runner from 3rd tries for Home, SAFE, throw by CF to home Paul O'Neill to second
|
|
Batting: RHB Bobby Grich
|
0-0: Ball 1-0: Foul Ball, location: 2F 1-1: Ball 2-1: Ball 3-1: Base on Balls
|
|
Batting: LHB Danny Goodwin
|
0-0: Ball 1-0: Foul Ball, location: 2F 1-1: Fly out, F6 (Flyball, 56D, EV 91.9 MPH)
|
|
Batting: LHB Jon Jimenez
|
0-0: Called Strike 0-1: Foul Ball, location: 2F 0-2: Foul Ball, location: 2F 0-2: Ball 1-2: Ball 2-2: Ball 3-2: Foul Ball, location: 2F 3-2: Fly out, F1 (Line Drive, P, EV 68.1 MPH)
|
| Bottom of the 4th over - 2 runs, 3 hits, 0 errors, 2 left on base; Louisville 2 - Syracuse 2 |
| TOP OF THE 5TH |
|
Louisville Stallions batting - Pitching for Syracuse Chiefs : RHP Ernie McAnally
|
|
Batting: SHB Gerald DeSimone
|
0-0: Called Strike 0-1: SINGLE (Flyball, 3D, EV 88.8 MPH)
|
|
Batting: LHB Claudell Washington
|
0-0: Ball 1-0: Called Strike 1-1: Swinging Strike 1-2: Strikes out swinging
|
|
Batting: SHB Orestes Destrade
|
0-0: Ball 1-0: Called Strike 1-1: Swinging Strike 1-2: Ball 2-2: Ball 3-2: Base on Balls Gerald DeSimone to second
|
|
Batting: RHB Devin Pike
|
0-0: Ball 1-0: Swinging Strike 1-1: Foul Ball, location: 2F 1-2: Ball 2-2: Ball 3-2: Foul Ball, location: 2F 3-2: Foul Ball, location: 2F 3-2: Fly out, F9 (Flyball, 89D, EV 103.1 MPH) Runner from 2nd tags up, SAFE at 3rd, no throw by RF
|
|
Batting: LHB Ted May
|
0-0: Ball 1-0: Swinging Strike 1-1: Called Strike 1-2: Ball Orestes Destrade is caught stealing 2nd base 2-6
|
| Top of the 5th over - 0 runs, 1 hit, 0 errors, 1 left on base; Louisville 2 - Syracuse 2 |
| BOTTOM OF THE 5TH |
|
Syracuse Chiefs batting - Pitching for Louisville Stallions : RHP Al Gallegos
|
|
Batting: LHB Darryl Strawberry
|
0-0: TRIPLE (Flyball, 7D, EV 101.3 MPH)
|
|
Batting: RHB Phil Garner
|
0-0: Ball 1-0: Called Strike 1-1: Ball 2-1: Foul Ball, location: 2F 2-2: Foul Ball, location: 2F 2-2: Foul Ball, location: 2F 2-2: Ground out 5-3 (Groundball, 56, EV 76.9 MPH) Darryl Strawberry scores
|
|
Batting: RHB Dave Meier
|
0-0: Called Strike 0-1: Foul Ball, location: 2F 0-2: Ground out 3-1 (Groundball, 34, EV 86.3 MPH)
|
|
Batting: LHB Wayne Gross
|
0-0: Ball 1-0: Foul Ball, location: 2F 1-1: Fly out, F9 (Flyball, 89D, EV 93.1 MPH)
|
| Bottom of the 5th over - 1 run, 1 hit, 0 errors, 0 left on base; Louisville 2 - Syracuse 3 |
| TOP OF THE 6TH |
|
Louisville Stallions batting - Pitching for Syracuse Chiefs : RHP Ernie McAnally
|
|
Batting: LHB Ted May
|
0-0: Called Strike 0-1: Called Strike 0-2: Foul Ball, location: 2F 0-2: Ball 1-2: Ball 2-2: Foul Ball, location: 2F 2-2: Foul Ball, location: 2F 2-2: Strikes out looking
|
|
Batting: RHB Kelly Heath
|
0-0: Called Strike 0-1: Ball 1-1: Foul Ball, location: 2F 1-2: SINGLE (Groundball, 6MD, EV 107.5 MPH)
|
|
Batting: LHB Joe Lefebvre
|
0-0: Called Strike 0-1: Fly out, F8 (Flyball, 8LS, EV 96.3 MPH)
|
|
Batting: LHB John Tucker
|
0-0: Ball 1-0: Foul Ball, location: 2F 1-1: SINGLE (Line Drive, 78S, EV 92.5 MPH) Kelly Heath to second Runner from 2nd tries for 3rd, SAFE, throw by LF made to third
|
|
Batting: LHB Mauricio Gracia
|
0-0: Foul Ball, location: 2F 0-1: SINGLE (Groundball, 34D, EV 105.0 MPH) Kelly Heath scores John Tucker to second Runner from 2nd tries for 3rd, SAFE, throw by RF made to third
|
|
Batting: SHB Gerald DeSimone
|
0-0: Ball 1-0: Ball Wild Pitch! John Tucker scores Mauricio Gracia to second 2-0: Ball 3-0: Base on Balls
|
|
Batting: LHB Claudell Washington
|
0-0: Called Strike 0-1: Ground out 4-3 (Groundball, 4, EV 86.3 MPH)
|
| Top of the 6th over - 2 runs, 3 hits, 0 errors, 2 left on base; Louisville 4 - Syracuse 3 |
| BOTTOM OF THE 6TH |
|
Syracuse Chiefs batting - Pitching for Louisville Stallions : RHP Al Gallegos
|
|
Batting: RHB Jim G Wilson
|
0-0: Ball 1-0: Ground out 6-3 (Groundball, 56, EV 98.1 MPH)
|
|
Batting: LHB Paul O'Neill
|
0-0: Foul Ball, location: 2F 0-1: Ball 1-1: Foul Ball, location: 2F 1-2: Foul Ball, location: 2F 1-2: Ground out 6-3 (Groundball, 6, EV 102.5 MPH)
|
|
Batting: RHB Bobby Grich
|
0-0: Ball 1-0: Foul Ball, location: 2F 1-1: Called Strike 1-2: Foul Ball, location: 2F 1-2: Ground out 5-3 (Groundball, 56S, EV 81.9 MPH)
|
| Bottom of the 6th over - 0 runs, 0 hits, 0 errors, 0 left on base; Louisville 4 - Syracuse 3 |
| TOP OF THE 7TH |
|
Louisville Stallions batting - Pitching for Syracuse Chiefs : RHP Ernie McAnally
|
|
Batting: SHB Orestes Destrade
|
0-0: Fly out, F8 (Flyball, 8RS, EV 92.5 MPH)
|
|
Batting: RHB Devin Pike
|
0-0: Called Strike 0-1: Swinging Strike 0-2: Ball 1-2: Ground out 4-3 (Groundball, 34D, EV 84.4 MPH)
|
|
Batting: LHB Ted May
|
0-0: Ball 1-0: Called Strike 1-1: Called Strike 1-2: Strikes out swinging, 2-3 out at first.
|
| Top of the 7th over - 0 runs, 0 hits, 0 errors, 0 left on base; Louisville 4 - Syracuse 3 |
| BOTTOM OF THE 7TH |
|
Syracuse Chiefs batting - Pitching for Louisville Stallions : RHP Al Gallegos
|
|
Batting: LHB Danny Goodwin
|
0-0: Foul Ball, location: 2F 0-1: Called Strike 0-2: Strikes out looking
|
|
Batting: LHB Jon Jimenez
|
0-0: Called Strike 0-1: Swinging Strike 0-2: Ball 1-2: Hit by Pitch
|
|
Batting: LHB Darryl Strawberry
|
0-0: Ball 1-0: Called Strike 1-1: Fielders Choice at 2nd, 1-6 (Groundball, 13S, EV 69.4 MPH)
|
|
Batting: RHB Phil Garner
|
0-0: Ball Darryl Strawberry steals 2nd base 1-0: Ball 2-0: Ball 3-0: Foul Ball, location: 2F 3-1: Called Strike 3-2: SINGLE (Line Drive, 8RS, EV 92.5 MPH) Darryl Strawberry to third Darryl Strawberry scores
|
|
Batting: RHB Dave Meier
|
0-0: Ball Wild Pitch! Phil Garner to second 1-0: Ball 2-0: Swinging Strike 2-1: Fly out, F5 (Popup, 5, EV 75.6 MPH)
|
| Bottom of the 7th over - 1 run, 1 hit, 0 errors, 1 left on base; Louisville 4 - Syracuse 4 |
| TOP OF THE 8TH |
|
Louisville Stallions batting - Pitching for Syracuse Chiefs : RHP Ernie McAnally
|
|
Batting: RHB Kelly Heath
|
0-0: Called Strike 0-1: Foul Ball, location: 2F 0-2: Ball 1-2: Ball 2-2: Foul Ball, location: 2F 2-2: Ball 3-2: Foul Ball, location: 2F 3-2: SINGLE (Line Drive, 8LM, EV 105.0 MPH)
|
|
Batting: LHB Joe Lefebvre
|
0-0: Ball 1-0: Ball 2-0: Foul Ball, location: 2F 2-1: Ball 3-1: Fly out, F7 (Flyball, 7D, EV 103.8 MPH)
|
|
Batting: LHB John Tucker
|
0-0: Ball 1-0: Bunt missed! 1-1: Bunted foul 1-2: Fly out, F8 (Line Drive, 8LM, EV 95.0 MPH)
|
|
Batting: LHB Mauricio Gracia
|
0-0: Called Strike 0-1: Ball 1-1: Fly out, F8 (Flyball, 8LD, EV 78.8 MPH)
|
| Top of the 8th over - 0 runs, 1 hit, 0 errors, 1 left on base; Louisville 4 - Syracuse 4 |
| BOTTOM OF THE 8TH |
|
Syracuse Chiefs batting - Pitching for Louisville Stallions : RHP Al Gallegos
|
|
Batting: LHB Wayne Gross
|
0-0: Ball 1-0: Ground out 3-1 (Groundball, 34, EV 80.0 MPH)
|
|
Batting: RHB Jim G Wilson
|
0-0: Called Strike 0-1: Ball 1-1: Called Strike 1-2: Strikes out swinging
|
|
Batting: LHB Paul O'Neill
|
0-0: Called Strike 0-1: Called Strike 0-2: Ball 1-2: Ball 2-2: Foul Ball, location: 2F 2-2: Foul Ball, location: 2F 2-2: Ball 3-2: Foul Ball, location: 2F 3-2: Base on Balls
|
|
Pitching: RHP Jeff Taylor
|
|
|
Batting: RHB Bobby Grich
|
0-0: Ball 1-0: Ball 2-0: Foul Ball, location: 2F 2-1: Ball 3-1: Foul Ball, location: 2F 3-2: Strikes out swinging
|
| Bottom of the 8th over - 0 runs, 0 hits, 0 errors, 1 left on base; Louisville 4 - Syracuse 4 |
| TOP OF THE 9TH |
|
Louisville Stallions batting - Pitching for Syracuse Chiefs : RHP Ernie McAnally
|
|
Pitching: RHP Mel Stottlemyre Sr
|
|
|
Batting: SHB Gerald DeSimone
|
0-0: Ball 1-0: Ball 2-0: Ball 3-0: Called Strike 3-1: Base on Balls
|
|
Batting: LHB Claudell Washington
|
0-0: SINGLE (Groundball, 34D, EV 98.8 MPH) Gerald DeSimone to second Runner from 2nd tries for 3rd, SAFE, throw by RF made to third
|
|
Pinch Runner at 3rd Lawrence Grahek:
|
|
|
Batting: SHB Orestes Destrade
|
0-0: Called Strike Claudell Washington steals 2nd base (no throw) 0-1: SINGLE (Flyball, 34D, EV 87.5 MPH) Lawrence Grahek scores Claudell Washington to third Runner from 3rd tries for Home, SAFE, throw by RF to home
|
|
Batting: RHB Devin Pike
|
0-0: Ball 1-0: Grounds into double play, 4-6-3 (Groundball, 4, EV 81.3 MPH)
|
|
Batting: LHB Ted May
|
0-0: Ball 1-0: Ball 2-0: Ball 3-0: Called Strike 3-1: Called Strike 3-2: Foul Ball, location: 2F 3-2: Base on Balls
|
|
Batting: RHB Kelly Heath
|
0-0: Called Strike 0-1: Ball 1-1: Foul Ball, location: 2F 1-2: Foul Ball, location: 2F 1-2: Fly out, F2 (Popup, 23F, EV 82.5 MPH)
|
| Top of the 9th over - 2 runs, 2 hits, 0 errors, 1 left on base; Louisville 6 - Syracuse 4 |
| BOTTOM OF THE 9TH |
|
Syracuse Chiefs batting - Pitching for Louisville Stallions : RHP Jeff Taylor
|
|
Pitching: LHP Phil Nastu
|
|
|
Now at 2B: Kiko Garcia
|
|
|
Batting: LHB Danny Goodwin
|
0-0: Ball 1-0: Foul Ball, location: 2F 1-1: Swinging Strike 1-2: Strikes out swinging
|
|
Batting: LHB Jon Jimenez
|
0-0: SINGLE (Groundball, 6S, EV 70.0 MPH) (infield hit)
|
|
Pinch Hitting: RHB Hubie Brooks
|
0-0: Foul Ball, location: 2F 0-1: SINGLE (Line Drive, 78S, EV 111.3 MPH) Jon Jimenez to second
|
|
Batting: RHB Phil Garner
|
0-0: Foul Ball, location: 2F 0-1: Ball 1-1: Called Strike 1-2: Ball 2-2: Grounds into double play, 4-6-3 (Groundball, 4MS, EV 78.8 MPH)
|
| Bottom of the 9th over - 0 runs, 2 hits, 0 errors, 1 left on base; Louisville 6 - Syracuse 4 |
|